 Dungeon Crawl Stone Soup version 0.02-100-gc9e1e00884 (webtiles) character file.

Game seed: 13874042245072709711, levelgen mode: deterministic

2544 Borgoz the Skirmisher (level 9, -12/58 HPs) Gargoyle Gladiator. Began on Sept 16, 2020. Was a Priest of Okawaru. Mangled by a death yak (14 damage) ... on level 4 of the Dungeon. The game lasted 00:12:19 (4340 turns).

Borgoz the Skirmisher (Gargoyle Gladiator)          Turns: 4340, Time: 00:12:20

Health: -12/58     AC: 17    Str: 19    XL:     9 ^: 1013
Magic:  9/10       EV: 21    Int: 12    God:    Okawaru [3* [78]]
Gold:   192        SH:  0    Dex: 13    Spells: 8/8 levels left

rFire    . . .     Vision   .   a - +0 quarterstaff
rCold    . . .     Gourm    .   (also wielding the above weapon)
rNeg     + . .     Faith    .   p - +0 scale mail
rPois    ∞         Spirit   .   k - -2 hat {Int+3}
rElec    +         Reflect  .   r - +2 cloak {MR+}
rCorr    .         Harm     .   (no gloves)
MR       +....                  (no boots)
Stlth    +.........             h - amulet of regeneration (curse) {(Curse: *Contam)}
HPRegen  0.69/turn              i - ring of evasion
MPRegen  0.20/turn              (no ring)

@: about to teleport, heroism
A: negative energy resistance 1, electricity resistance, unbreathing,
petrification resistance, rot immunity, AC +6
a: Heroism, Renounce Religion


You were on level 4 of the Dungeon.
You worshipped Okawaru.
Okawaru was most pleased with you.
You were not hungry.

You visited 2 branches of the dungeon, and saw 6 of its levels.

You collected 192 gold pieces.

Inventory:

Weapons
 a - a +0 quarterstaff (weapon) Shields
 o - a cursed +1 heater shield of reflection {(Curse: *Tele)}
Armour
 k - a -2 hat of intelligence (worn)
 p - a +0 scale mail (worn)
 r - a +2 cloak of magic resistance (worn)
Jewellery
 h - a cursed amulet of regeneration (around neck) {(Curse: *Contam)}
 i - a ring of evasion (left hand)
Wands
 d - a wand of ensnaring (17)
 g - a wand of acid (4)
 q - a wand of random effects (2)
Scrolls
 b - 2 scrolls of fog
 e - a scroll of teleportation
 l - a scroll of blinking
 m - a scroll of enchantment
 n - a scroll of fear
Comestibles
 c - 13 chunks of flesh
 f - 5 rations


   Skills:
 * Level 7.7(12.7) Fighting
 * Level 7.4(12.4) Maces & Staves
 * Level 7.3(12.3) Armour
 + Level 4.6(9.6) Dodging
 - Level 1.7 Evocations


You had 8 spell levels left.
You didn't know any spells.
Your spell library was empty.

Dungeon Overview and Level Annotations

Branches:
Dungeon (5/8)              Temple (1/1) D:4
   Lair: D:5

Altars:
Cheibriados
Dithmenos
Elyvilon
Gozag Ym Sagoz
Kikubaaqudgha
Makhleb
Nemelex Xobeh
Okawaru
Ru
Sif Muna
Trog
Uskayaw
Wu Jian
Zin


Innate Abilities, Weirdness & Mutations

You are resistant to torment.
Your stone body is resilient. (AC +6)
You are immune to poison.
You resist negative energy. (rN+)
You are resistant to electric shocks. (rElec)
You can survive without breathing.
You are immune to petrification.
You are immune to rotting.


Message History

* * * LOW HITPOINT WARNING * * *
You sock the death yak (10)!
The death yak is moderately wounded. (53/82) HP The death yak gores you (7)!
* * * LOW HITPOINT WARNING * * *
You aren't carrying any potions.
You hit the death yak but do no damage.
The death yak is moderately wounded. (54/82) HP You sock the death yak (10)!
The death yak is heavily wounded. (44/82) HP The death yak closely misses you (0).
You hit the death yak but do no damage.
The death yak is heavily wounded. (44/82) HP The death yak gores you (10)!
* * * LOW HITPOINT WARNING * * *
You hit the death yak (5).
The death yak is heavily wounded. (39/82) HP
As you read the scroll of teleportation, it crumbles to dust.
You feel strangely unstable. The death yak gores you (14)!
You die...

########## #........#
#........#
#........##################
#..............)[)).)......
#.........###########.##...
#........Y@................
#........###..........#....
#........# #.#######.......
#........###.#.#<.#.#...#..
#.........##...#.........#.
#.........####.######..#.#+
#.........##.#.............
#............#######.#..#..
############)))..###.##.#..


You could see a death yak.

Vanquished Creatures
  Maurice (D:4)
  A porcupine (D:4)
  A water moccasin (D:4)
  2 orc warriors (D:4)
  A black bear (D:4)
  2 ogres
  2 big kobolds (D:2)
  4 bullfrogs
  A gnoll sergeant (D:4)
  2 scorpions
  An orc priest (D:4)
  3 hounds
  7 jellies (D:2)
  6 orc wizards (D:4)
  3 iguanas
  A worker ant (D:4)
  A bullfrog zombie (D:4)
  2 bullfrog skeletons (D:4)
  3 adders
  6 gnolls
  16 sewer rats (D:2)
  2 white imps
  4 cinder newts
  3 worms
  A hound skeleton (D:3)
  A howler monkey skeleton (D:3)
  2 oozes (D:2)
  A dart slug (D:1)
  4 leopard geckos
  16 orcs
  An adder skeleton (D:2)
  8 giant cockroaches
  5 goblins (D:1)
  2 hobgoblins (D:1)
  3 quokkas
  3 ball pythons (D:2)
  2 bats
  A bat skeleton (D:2)
  A goblin skeleton (D:2)
  14 kobolds
  A leopard gecko skeleton (D:2)
  4 rats (D:1)
145 creatures vanquished.

Vanquished Creatures (others)
  A ball python (D:2)
  A bat (D:2)
  155 withered plants (D:2)
157 creatures vanquished.

Grand Total: 302 creatures vanquished

Notes
Turn   | Place    | Note
-------+----------+-------------------------------------------
     0 | D:1      | Borgoz the Gargoyle Gladiator began the quest for the Orb.
     0 | D:1      | Reached XP level 1. HP: 12/12 MP: 2/2
   172 | D:1      | Reached XP level 2. HP: 18/18 MP: 3/3
   316 | D:1      | Reached skill level 1 in Armour
   496 | D:1      | Reached XP level 3. HP: 22/22 MP: 4/4
   895 | D:2      | Reached XP level 4. HP: 20/28 MP: 5/5
  1021 | D:2      | Reached XP level 5. HP: 30/32 MP: 6/6
  1250 | D:2      | Reached XP level 6. HP: 35/38 MP: 7/7
  1295 | D:2      | Found an iron altar of Okawaru.
  1530 | D:2      | Became a worshipper of Warmaster Okawaru
  1615 | D:2      | Found a white marble altar of Elyvilon.
  1670 | D:2      | Reached XP level 7. HP: 44/44 MP: 8/8
  1911 | D:2      | Reached skill level 5 in Maces & Staves
  2152 | D:2      | Reached skill level 5 in Fighting
  2548 | D:2      | Received a gift from Okawaru
  2588 | D:3      | Reached * piety under Okawaru
  2769 | D:3      | Found a sacrificial altar of Ru.
  2793 | D:3      | Reached XP level 8. HP: 27/50 MP: 9/9
  2912 | D:3      | Reached skill level 5 in Armour
  2979 | D:3      | Found a burning altar of Makhleb.
  3311 | D:4      | Reached ** piety under Okawaru
  3764 | D:4      | Reached XP level 9. HP: 53/56 MP: 10/10
  3922 | D:4      | Reached *** piety under Okawaru
  3951 | D:4      | Noticed Maurice
  3952 | D:4      | Found a staircase to the Ecumenical Temple.
  3969 | D:4      | Killed Maurice
  3988 | Temple   | Entered the Ecumenical Temple
  4123 | D:4      | Found a sparkling altar of Nemelex Xobeh.
  4315 | D:5      | Entered Level 5 of the Dungeon
  4317 | D:5      | Noticed a death yak
  4317 | D:5      | Noticed a death yak
  4320 | D:5      | Noticed a death yak
  4338 | D:4      | HP: 1/58 [death yak (10)]
  4340 | D:4      | Mangled by a death yak

Levels and vault maps discovered:
D:1:      elethiomel_arrival_shortcut, layout_loops_corners
D:2:      layout_sewer, elyvilon_altar_5, basic_altar, skrybe_limestone_x
D:3:      layout_rooms, nicolae_overflow_crystal_walls,
          nicolae_overflow_hidden_temple, first_ration
D:4:      layout_basic, nemelex_xobeh_ov_fountains_minmay, temple_hall,
          uniq_maurice
D:5:      layout_long_grid, overflow_temple_1_default,
          nicolae_ashenzari_panopticon, dpeg_lair_monsters, serial_shops, shop,
          uniq_josephine
Temple:   cyrus_temple_forest

Skill      XL: |  1  2  3  4  5  6  7  8  9 |
---------------+----------------------------+-----
Armour         | 1 2 3 4 6 7 |  7.3
Fighting       | 3 4 5 6 7 |  7.7
Maces & Staves | 4 5 6 7 |  7.4
Dodging        | 3 4 |  4.6
Evocations     | |  1.7

Action                   |  1- 3 |  4- 6 |  7- 9 || total
-------------------------+-------+-------+-------++-------
Melee: Quarterstaff      |    43 |   114 |   292 ||   449
Invok: Heroism           |       |       |     2 ||     2
  Use: Scroll            |       |     1 |     1 ||     2
       Potion            |       |       |     4 ||     4
 Stab: Sleeping          |     1 |       |       ||     1
  Eat: Chunk             |       |     3 |     9 ||    12
Armor: Leather armour    |     4 |       |       ||     4
       Ring mail         |     7 |    54 |    43 ||   104
       Chain mail        |       |       |    67 ||    67
       Scale mail        |       |       |    18 ||    18
Dodge: Dodged            |    34 |    99 |   181 ||   314
